 Dungeon Crawl Stone Soup version 0.25.0-9-g26727b657a (webtiles) character file.

Game seed: 7717033517039855706

235 Acheron the Chopper (level 6, -3/53 HPs)
             Began as a Hill Orc Monk on June 19, 2020.
             Slain by a centaur
             ... wielding a +0 battleaxe
              (17 damage)
             ... on level 5 of the Dungeon.
             The game lasted 00:12:57 (3729 turns).

Acheron the Chopper (Hill Orc Monk)                 Turns: 3729, Time: 00:12:58

Health: -3/53      AC:  7    Str: 14    XL:     6   Next: 5%
Magic:  6/6        EV: 12    Int: 11    God:
Gold:   224        SH:  0    Dex: 14    Spells: 5/5 levels left

rFire    . . .     SeeInvis .   a - +1 hand axe
rCold    . . .     Gourm    .   (no shield)
rNeg     . . .     Faith    .   k - +0 ring mail
rPois    .         Spirit   .   (no helmet)
rElec    .         Reflect  .   (no cloak)
rCorr    .         Harm     .   d - +1 pair of gloves
MR       .....                  (no boots)
Stlth    +.........             (no amulet)
HPRegen  0.17/turn              (no ring)
MPRegen  0.10/turn              (no ring)

@: hasted, very quick
A: no striking features
a: no special abilities


You were on level 5 of the Dungeon.
You were not hungry.

You visited 1 branch of the dungeon, and saw 6 of its levels.

You collected 224 gold pieces.

Inventory:

Hand Weapons
 a - a +1 hand axe (weapon)
Missiles
 i - 94 stones (quivered)
Armour
 d - a +1 pair of gloves (worn)
 k - a +0 ring mail (worn)
Scrolls
 b - a scroll of enchant armour
 e - 2 scrolls of identify
 f - a scroll of enchant weapon
 j - a scroll of amnesia
 m - a scroll of noise {unknown}
Potions
 g - a potion of flight
 h - a potion of lignification
 n - a potion of might
Comestibles
 c - 4 rations


   Skills:
 + Level 4.6 Fighting
 + Level 6.3 Axes
 + Level 1.6 Armour
 + Level 3.2 Dodging
 + Level 2.2 Stealth


You had 5 spell levels left.
You didn't know any spells.
Your spell library was empty.

Dungeon Overview and Level Annotations

Branches:
Dungeon (6/15)
 Temple: D:4-7

Altars:
Hepliaklqana
Okawaru
The Shining One

Annotations:
D:3 exclusion: downstairs


Message History

You barely miss the centaur.
The centaur hits you with a +0 battleaxe!
You slash the centaur!
The centaur is moderately wounded.
The centaur hits you with a +0 battleaxe.
* * * LOW HITPOINT WARNING * * *
You hit the centaur but do no damage.
The centaur is moderately wounded.
The centaur closely misses you.
You feel yourself speed up. The centaur barely misses you.
You hit the centaur but do no damage.
The centaur is moderately wounded.
The centaur barely misses you.
You hit the centaur.
The centaur is moderately wounded.
The centaur closely misses you.
You slash the centaur!
The centaur is severely wounded.
The centaur hits you with a +0 battleaxe!
You die...

.# ### ##.......# .#
#...##...[....# .####
####.............# ....##
##.....#.#.>...<..# .....##
##.....?._........... ...#..#
#.......#.#....5.....
...##.#######....................
.................c...............
...#...#####.#..@.)....#.#####$..
...#...# #...(..#...##.# ...
......a# #((<..#######.# .##
##.#...### #.....# #.#.....#
#.....# #...>.#..##.....#
#.....##.##.....#
........#....#...#
.........##..#.#.#


You could see a centaur.

Vanquished Creatures
  A bullfrog (D:5)
  A scorpion (D:5)
  A worker ant (D:5)
  3 adders
  An ooze (D:2)
  A worm (D:2)
  2 dart slugs (D:2)
  3 leopard geckos
  3 ball pythons
  8 bats
  2 giant cockroaches
  10 goblins
  4 hobgoblins
  2 jackals (D:3)
  5 kobolds
  A quokka (D:3)
  5 frilled lizards
  A leopard gecko skeleton (D:5)
  8 rats
62 creatures vanquished.

Notes
Turn   | Place    | Note
-------+----------+-------------------------------------------
     0 | D:1      | Acheron the Hill Orc Monk began the quest for the Orb.
     0 | D:1      | Reached XP level 1. HP: 19/19 MP: 1/1
   335 | D:1      | Reached XP level 2. HP: 27/27 MP: 2/2
   730 | D:2      | Reached XP level 3. HP: 23/33 MP: 3/3
  1785 | D:2      | Reached skill level 5 in Axes
  2039 | D:2      | Reached XP level 4. HP: 36/40 MP: 4/4
  2138 | D:3      | Found a hazy altar of Hepliaklqana.
  2867 | D:2      | Found a glowing golden altar of the Shining One.
  3291 | D:4      | Noticed an ogre
  3294 | D:5      | Entered Level 5 of the Dungeon
  3294 | D:5      | Found an iron altar of Okawaru.
  3298 | D:5      | Noticed a sky beast
  3301 | D:6      | Noticed a black bear
  3309 | D:6      | Noticed a bullfrog
  3344 | D:5      | Killed a bullfrog
  3344 | D:5      | Reached skill level 1 in Armour
  3344 | D:5      | Reached XP level 5. HP: 8/47 MP: 5/5
  3350 | D:5      | Reached skill level 6 in Axes
  3656 | D:5      | Reached XP level 6. HP: 46/53 MP: 6/6
  3729 | D:5      | Slain by a centaur

Illustrated notes

Levels and vault maps discovered:
D:1:      dpeg_arrival_boxes_within_box, layout_basic
D:2:      layout_rooms, nicolae_tso_swordbearing_angel, uniq_robin
D:3:      layout_loops_corners, lemuel_round_altar
D:4:      layout_cave_pools, chequers_temple_overflow_statue_of_worship,
          minmay_temple_entry_sparse_star, gammafunk_ghost_split, serial_shops,
          nicolae_shop_trees, nicolae_underground_beach
D:5:      cheibrodos_fzero, layout_rooms, old_standard_altar,
          okawaru_metal_pillars_1_2, first_ration, roderic_lattice_a
D:6:      layout_rooms, grunt_temple_overflow_growth_and_decay,
          overflow_temple_1_default, uniq_pikel

Skill      XL: |  1  2  3  4  5 |
---------------+----------------+-----
Fighting       | 4 |  4.6
Axes           | 5 6 |  6.3
Stealth        | 2 |  2.2
Dodging        | 3 |  3.2
Armour         | 1 |  1.6

Action                   |  1- 3 |  4- 6 || total
-------------------------+-------+-------++-------
Melee: Hand axe          |   164 |    87 ||   251
  Use: Potion            |     1 |     2 ||     3
       Scroll            |       |     6 ||     6
 Stab: Sleeping          |     3 |       ||     3
  Eat: Ration            |     1 |     1 ||     2
       Chunk             |       |     3 ||     3
Armor: Robe              |    13 |       ||    13
       Skin              |    18 |       ||    18
       Ring mail         |    15 |    35 ||    50
Dodge: Dodged            |   113 |    71 ||   184
